 Dungeon Crawl Stone Soup version 0.21.0-3-g78d12a8 (webtiles) character file.

14851 4thArraOfDagon the Stormcaller (level 12, -8/70 HPs)
             Began as a Tengu Air Elementalist on Jan 8, 2018.
             Was a Priest of Sif Muna.
             Shot with an arrow by Nessos (24 damage)
             ... on level 12 of the Dungeon.
             The game lasted 01:03:36 (7669 turns).

4thArraOfDagon the Stormcaller (TeAE)               Turns: 7669, Time: 01:03:37

Health: -8/70      AC:  6    Str:  9    XL:     12   Next: 20%
Magic:  18/34      EV: 19    Int: 21    God:    Sif Muna [***...]
Gold:   1276       SH:  0    Dex: 14    Spells: 4/27 levels left

rFire    + . .     SeeInvis .   H - +2 quarterstaff (elec)
rCold    . . .     Gourm    .   (shield currently unavailable)
rNeg     . . .     Faith    .   C - +1 troll leather armour
rPois    .         Spirit   .   (helmet restricted)
rElec    .         Reflect  .   V - scarf {repulsion}
rCorr    .         Harm     .   u - +0 pair of gloves
MR       .....                  (boots unavailable)
Stlth    ++........             (no amulet)
HPRegen  0.61/turn              s - ring of magical power
MPRegen  0.24/turn              A - ring of protection from fire

@: lethally poisoned (-8 -> -12), flying quickly and evasively, very slightly
contaminated, divine energy, repel missiles, quick
A: beak, talons 3, able to fly 1
a: Stop Divine Energy, Channel Magic, Renounce Religion


You were on level 12 of the Dungeon.
You worshipped Sif Muna.
Sif Muna was most pleased with you.
You were not hungry.

You visited 1 branch of the dungeon, and saw 12 of its levels.
You also visited: Bailey.

You collected 1276 gold pieces.

Inventory:

Hand Weapons
 e - a +0 short sword
 f - a +2 dagger of holy wrath
 o - a +0 blowgun
 t - a +0 flail of protection
 H - a +2 quarterstaff of electrocution (weapon)
Missiles
 p - 6 curare-tipped needles
 N - 5 exploding tomahawks (quivered)
Armour
 a - a +0 robe
 m - a +0 ring mail
 n - a cursed -1 helmet
 u - a +0 pair of gloves (worn)
 C - a +1 troll leather armour (worn)
 E - a +1 helmet of see invisible
 I - a +0 cloak
 M - a +1 ring mail of fire resistance
 V - a scarf of repulsion (worn)
Magical Staves
 G - an uncursed staff of summoning {!a}
Jewellery
 s - a ring of magical power (left hand)
 A - a ring of protection from fire (right hand)
 J - an uncursed ring of wizardry
Wands
 y - a wand of acid (9)
 P - a wand of disintegration (12)
 R - a wand of iceblast (11)
 T - a wand of paralysis (14)
 W - a wand of polymorph (28)
Scrolls
 i - 3 scrolls of blinking
 j - 2 scrolls of enchant weapon
 k - 2 scrolls of teleportation
 v - 2 scrolls of enchant armour
 w - 8 scrolls of remove curse
 D - a scroll of fog {unknown}
Potions
 g - 4 potions of might {unknown}
 l - 3 potions of brilliance {unknown}
 q - a potion of heal wounds
 r - a potion of degeneration {unknown}
 x - a potion of resistance
 z - 2 potions of flight
 B - a potion of berserk rage
 F - 2 potions of lignification
 K - 2 potions of invisibility
 Q - 2 potions of agility {unknown}
 S - a potion of magic {unknown}
 U - 2 potions of curing {unknown}
Books
 b - a book of Air

   Spells                             Type                      Level
   a - Shock                          Conjuration/Air              1
   b - Swiftness                      Charms/Air                   2
   c - Static Discharge               Conjuration/Air              3
   d - Airstrike                      Air                          4
   e - Lightning Bolt                 Conjuration/Air              5
 h - a book of Minor Magic

   Spells                             Type                      Level
   a - Magic Dart                     Conjuration                  1
   b - Blink                          Translocation                2
   c - Call Imp                       Summoning                    2
   d - Slow                           Hexes                        2
   e - Conjure Flame                  Conjuration/Fire             3
   f - Mephitic Cloud                 Conjuration/Poison/Air       3
Miscellaneous
 d - a crystal ball of energy
Comestibles
 c - 15 rations
 L - 5 chunks of flesh


   Skills:
 + Level 6.1 Fighting
 + Level 7.4 Dodging
 - Level 2.0 Stealth
 + Level 8.4 Spellcasting
 - Level 4.7 Conjurations
 * Level 15.8 Air Magic
 + Level 6.6 Invocations


You had 4 spell levels left.
You knew the following spells:

 Your Spells              Type           Power        Failure   Level  Hunger
a - Shock                 Conj/Air       ####         1%          1    None
b - Swiftness             Chrm/Air       #####...     1%          2    None
c - Conjure Flame         Conj/Fire      ###.....     12%         3    None
d - Mephitic Cloud        Conj/Pois/Air  #####...     1%          3    None
e - Airstrike             Air            ######....   1%          4    ###....
f - Blink                 Tloc           N/A          16%         2    None
g - Lightning Bolt        Conj/Air       ######....   4%          5    #####..
h - Static Discharge      Conj/Air       ######..     1%          3    None


Dungeon Overview and Level Annotations

Branches:
Dungeon (12/15)            Temple (0/1) D:6            Lair (0/6) D:9
    Orc (0/2) D:10

Altars:
Dithmenos
Elyvilon
Kikubaaqudgha
Sif Muna
Uskayaw
Zin
The Shining One

Shops:
D:4 (   D:8 (   D:10 (

Annotations:
D:12 Nessos


Innate Abilities, Weirdness & Mutations

You have a beak for a mouth.
You have claws for feet.
You can fly.


Message History

Aiming: Airstrike
Press: ? - help, Dir - move target cursor, f/p - Nessos
Aim: Nessos, wielding a longbow of flaming and wearing a shiny centaur barding (almost dead, fast)
Okay, then.
Unknown command.
Okay, then.
Casting: Airstrike
Confirm with . or Enter, or press ? or * to list all spells.
Aiming: Airstrike
Press: ? - help, Dir - move target cursor, f/p - Nessos
Aim: Nessos, wielding a longbow of flaming and wearing a shiny centaur barding (almost dead, fast)
The air twists around and strikes Nessos!
Nessos is almost dead.
You feel sick.
Nessos shoots an arrow.
The arrow hits you!
* * * LOW HITPOINT WARNING * * *
The arrow burns you.
You are more poisoned.
* * * LOW HITPOINT WARNING * * *
Nessos shoots an arrow.
The arrow hits you!!
You die...

###### #....# #....#
##################....#
......................#
.................(....#
..................§...########
........########.............#
..#####.# #@(...(.......#
..'...#.# #.............##
..#...#.# #(.............#
..#...#.+ #..............#
..#...#.########.c.#####......#
..#####............# #......#
...................# #......#
...................# #......#
.......##########..# #......#


You could see Nessos.

Vanquished Creatures
  Harold (D:10)
  A centaur warrior (D:8)
  3 two-headed ogres
  2 unseen horrors
  An orc knight (Bailey)
  Joseph (D:9)
  The ghost of Gobbopathe the Ruffian, a novice VSTm of Wu Jian (D:6)
  An ice statue (D:8)
  A komodo dragon (D:9)
  A troll (D:10)
  3 slime creatures
  2 hippogriffs
  2 hornets (D:8)
  Eustachio (D:4)
  8 yaks
  A hungry ghost (D:9)
  3 vampire mosquitoes (D:12)
  A soldier ant (D:8)
  Duvessa (D:4)
  A black bear (D:9)
  16 orc warriors
  2 ice beasts (D:10)
  4 sky beasts
  5 ogres
  A phantom (D:9)
  5 centaurs
  4 bullfrogs
  2 wyvern zombies
  A water moccasin zombie (D:6)
  Dowan (D:4)
  A wyvern skeleton (D:7)
  2 scorpions
  A water moccasin skeleton (D:9)
  3 killer bees (D:9)
  4 crimson imps
  A centaur zombie (D:8)
  A quasit (D:8)
  2 jellies (D:6)
  21 orc wizards
  9 hounds
  Crazy Yiuf (D:4)
  6 orc priests
  2 bullfrog skeletons
  A centaur skeleton (D:5)
  4 iguanas
  4 worker ants
  A hound zombie (D:8)
  A hound skeleton (D:5)
  A worker ant zombie (D:9)
  3 gnolls (D:6)
  6 adders
  4 shadow imps
  An ooze (D:1)
  An adder zombie (D:6)
  3 dart slugs
  2 leopard geckos (D:5)
  43 orcs
  2 giant cockroaches
  8 goblins
  3 hobgoblins
  4 jackals
  5 kobolds
  5 quokkas
  A ball python (D:4)
  4 frilled lizards
  A jackal skeleton (D:5)
  2 rats
241 creatures vanquished.

Vanquished Creatures (others)
  A quokka (D:4)
  A bat (D:3)
  20 plants (D:9)
22 creatures vanquished.

Grand Total: 263 creatures vanquished

Notes
Turn   | Place    | Note
-------+----------+-------------------------------------------
     0 | D:1      | 4thArraOfDagon the Tengu Air Elementalist began the quest for the Orb.
     0 | D:1      | Reached XP level 1. HP: 10/10 MP: 4/4
   145 | D:1      | Reached XP level 2. HP: 15/15 MP: 3/6
   167 | D:1      | Learned a level 2 spell: Swiftness
   675 | D:3      | Reached XP level 3. HP: 19/19 MP: 7/7
   680 | D:3      | Learned a level 3 spell: Conjure Flame
   731 | D:3      | Reached skill level 5 in Air Magic
   761 | D:3      | Reached XP level 4. HP: 11/24 MP: 3/8
  1106 | D:4      | Noticed Duvessa
  1106 | D:4      | Noticed Eustachio
  1145 | D:3      | Found a glowing silver altar of Zin.
  1278 | D:5      | Entered Level 5 of the Dungeon
  1416 | D:5      | Noticed an ogre
  1440 | D:4      | Found a white marble altar of Elyvilon.
  1451 | D:4      | Found Dekanon's Antique Weapon Shop.
  1487 | D:4      | Gained mutation: You can fly. [Tengu growth]
  1487 | D:4      | Reached XP level 5. HP: 28/28 MP: 6/10
  1510 | D:4      | Learned a level 3 spell: Mephitic Cloud
  1546 | D:4      | Noticed a wyvern
  1578 | D:4      | Reached skill level 6 in Air Magic
  1643 | D:4      | Reached XP level 6. HP: 26/32 MP: 11/11
  1815 | D:5      | Reached skill level 7 in Air Magic
  1834 | D:5      | Found a glowing golden altar of the Shining One.
  1976 | D:5      | Reached XP level 7. HP: 36/36 MP: 10/13
  1992 | D:5      | Learned a level 4 spell: Airstrike
  2031 | D:5      | Found an ancient bone altar of Kikubaaqudgha.
  2160 | D:6      | Reached skill level 8 in Air Magic
  2374 | D:6      | Noticed Gobbopathe's ghost (novice VSTm)
  2484 | D:6      | Reached skill level 9 in Air Magic
  2504 | D:6      | Killed Gobbopathe's ghost
  2504 | D:6      | Reached skill level 10 in Air Magic
  2504 | D:6      | Reached XP level 8. HP: 39/41 MP: 3/16
  2574 | D:5      | Found a deep blue altar of Sif Muna.
  2578 | D:5      | Became a worshipper of Sif Muna the Loreminder
  2657 | D:5      | Reached skill level 5 in Spellcasting
  2727 | D:6      | Reached skill level 1 in Invocations
  3027 | D:6      | Reached * piety under Sif Muna
  3027 | D:6      | Reached skill level 11 in Air Magic
  3171 | D:6      | Reached XP level 9. HP: 45/45 MP: 3/18
  3224 | D:6      | Found a shadowy altar of Dithmenos.
  3224 | D:6      | Found a deep blue altar of Sif Muna.
  3244 | D:6      | Found a staircase to the Ecumenical Temple.
  3392 | D:4      | Noticed Dowan
  3463 | D:4      | Killed Duvessa
  3472 | D:4      | Killed Dowan
  3574 | D:4      | Killed Eustachio
  3657 | D:4      | Found a runed door.
  3661 | D:4      | Noticed Crazy Yiuf
  3664 | D:4      | Killed Crazy Yiuf
  3837 | D:7      | Reached skill level 12 in Air Magic
  3848 | D:7      | Reached skill level 1 in Fighting
  3946 | D:7      | Learned a level 2 spell: Blink
  4121 | D:7      | Reached ** piety under Sif Muna
  4144 | D:7      | You fall through a shaft for 3 floors!
  4144 | D:10     | Entered Level 10 of the Dungeon
  4145 | D:10     | WUT
  4239 | D:10     | Found Muashaxe's Antique Weapon Shop.
  4347 | D:10     | Noticed a two-headed ogre
  4458 | D:10     | Noticed a troll
  4470 | D:10     | Killed a troll
  4555 | D:10     | Found a staircase to the Orcish Mines.
  4579 | D:10     | Reached XP level 10. HP: 54/54 MP: 0/20
  4597 | D:10     | Noticed Harold
  4688 | D:8      | Reached skill level 13 in Air Magic
  4862 | D:8      | Found Ary Idubli's Antique Weapon Shop.
  5224 | D:8      | Noticed an ice statue
  5276 | D:8      | Found a glowing silver altar of Zin.
  5369 | D:8      | Killed an ice statue
  5499 | D:8      | Noticed a centaur warrior
  5573 | D:8      | Killed a centaur warrior
  5601 | D:8      | Got a faintly glowing platinum amulet
  5604 | D:8      | Identified the amulet of Lowojic {Spirit MP+9} (You found it on level 8 of the Dungeon)
  5710 | D:9      | Reached skill level 5 in Dodging
  5723 | D:9      | Noticed Joseph
  5807 | D:9      | Reached *** piety under Sif Muna
  5901 | D:9      | Killed Joseph
  5901 | D:9      | Reached skill level 5 in Invocations
  5908 | D:9      | Learned a level 5 spell: Lightning Bolt
  5991 | D:9      | Reached skill level 14 in Air Magic
  5998 | D:9      | Reached XP level 11. HP: 62/62 MP: 18/23
  6023 | D:9      | Found a staircase to the Lair.
  6124 | D:9      | Thaneod: dolaczyles?
  6142 | D:9      | 4thArraOfDagon: ta
  6142 | D:9      | 4thArraOfDagon: dopisalem :)
  6183 | D:9      | Noticed a two-headed ogre
  6200 | D:9      | Thaneod: ale
  6205 | D:9      | Killed a two-headed ogre
  6221 | D:9      | Thaneod: max playerów to 5
  6266 | D:9      | Found a hide-covered altar of Uskayaw.
  6293 | D:9      | 4thArraOfDagon: ah
  6293 | D:9      | 4thArraOfDagon: no to niewiem
  6293 | D:9      | 4thArraOfDagon: moze cos stworzymy?
  6320 | D:10     | Thaneod: no czemu nie
  6349 | D:10     | Thaneod: poczytam jak wygląda zmiana playerów
  6386 | D:10     | Thaneod: mnie Gastronok zabil
  6391 | D:10     | Thaneod: z dupy sie pojawil
  6424 | D:10     | Thaneod: Clans may be changed by adding or removing players at any time until 20:00 UTC Friday 12 January, after which clans will be frozen.
  6487 | D:10     | Thaneod: jak chcesz to można założyć, to Bazingę też się doda:P
  6570 | D:10     | Thaneod: albo możesz walczyć nim na jakieś achievmenty na parę run czy coś
  6571 | D:10     | Reached skill level 5 in Fighting
  6662 | D:10     | Killed Harold
  6707 | D:10     | 4thArraOfDagon: moze grajcie jak teraz
  6707 | D:10     | 4thArraOfDagon: a w nastepnym turnieju pomysli sie o kampanii bazinga itp
  6715 | D:10     | Killed a two-headed ogre
  6861 | D:11     | 4thArraOfDagon: w sumie mi tam niezalezy na punktach
  6899 | D:11     | Killed an unseen horror
  6899 | D:11     | Reached skill level 15 in Air Magic
  7066 | D:11     | Learned a level 3 spell: Static Discharge
  7194 | D:12     | Noticed a two-headed ogre
  7202 | D:12     | Killed a two-headed ogre
  7221 | D:12     | Killed an unseen horror
  7272 | D:12     | Found a flagged portal.
  7283 | D:12     | Thaneod: wiecej pktow sie dostaje za 3 runowe winy
  7286 | Bailey   | Entered a bailey
  7288 | Bailey   | Noticed an orc knight
  7291 | Bailey   | Thaneod: ooo fajny ci sie trafil
  7364 | Bailey   | Killed an orc knight
  7364 | Bailey   | Reached XP level 12. HP: 69/69 MP: 25/25
  7505 | D:12     | 4thArraOfDagon: ??airstrike
  7505 | D:12     | beem: airstrike[1/3]: A single target attack spell; uses smite targeting, so it can hit any monster you can see. It checks AC and does half again as much damage to flying or levitating monsters. Spell level 4. 8 + 1d(2 + (Power)/7) damage.
  7505 | D:12     | Thaneod: Gastronok ma
  7505 | D:12     | 4thArraOfDagon: co, aistrike?
  7505 | D:12     | 4thArraOfDagon: ??airstrike[2
  7505 | D:12     | beem: airstrike[2/3]: !lg fiveotanaka xl=27 nafe place=zig 1 -tv
  7505 | D:12     | 4thArraOfDagon: !lg fiveotanaka xl=27 nafe place=zig 1
  7505 | D:12     | 4thArraOfDagon: ??aistrike[3
  7505 | D:12     | beem: aistrike ~ airstrike[3/3]: Special case: "But air would do no harm to the air elemental!"
  7505 | D:12     | Thaneod: ^^
  7505 | D:12     | 4thArraOfDagon: ucze Anie :)
  7505 | D:12     | 4thArraOfDagon: budowac lochy :)
  7553 | D:12     | Thaneod: no komendy to jak na Linuksie
  7640 | D:12     | Noticed Nessos
  7649 | D:12     | Thaneod: oj oj
  7649 | D:12     | Thaneod: rpois masz?
  7669 | D:12     | Shot with an arrow by Nessos

Skill      XL: |  1  2  3  4  5  6  7  8  9 10 11 12 |
---------------+-------------------------------------+-----
Conjurations   | 2 3 4 |  4.7
Air Magic      | 5 6 7 10 11 12 14 15 | 15.8
Spellcasting   | 3 4 5 6 7 8 |  8.4
Invocations    | 2 3 5 6 |  6.6
Fighting       | 2 4 5 6 |  6.1
Dodging        | 3 5 7 |  7.4
Stealth        | |  2.0

Action                   |  1- 3 |  4- 6 |  7- 9 | 10-12 || total
-------------------------+-------+-------+-------+-------++-------
Melee: Dagger            |    18 |     5 |     9 |     8 ||    40
       Kick              |     4 |       |     3 |     7 ||    14
       Peck              |     1 |       |     4 |     8 ||    13
       Quarterstaff      |       |       |    13 |    52 ||    65
 Cast: Shock             |    30 |    78 |    96 |    72 ||   276
       Conjure Flame     |       |     3 |    13 |    18 ||    34
       Mephitic Cloud    |       |     2 |     3 |    12 ||    17
       Airstrike         |       |       |    64 |   150 ||   214
       Lightning Bolt    |       |       |       |     9 ||     9
       Static Discharge  |       |       |       |     1 ||     1
Invok: Divine Energy     |       |       |     1 |       ||     1
       Channel Magic     |       |       |       |    12 ||    12
 Abil: Fly               |       |     1 |     2 |     6 ||     9
Evoke: Wand              |       |       |     2 |     2 ||     4
  Use: Scroll            |     2 |       |     4 |    13 ||    19
       Potion            |       |       |       |     2 ||     2
 Stab: Sleeping          |     3 |     2 |     1 |       ||     6
       Paralysed         |       |       |       |     5 ||     5
       Confused          |       |       |       |     2 ||     2
  Eat: Chunk             |       |     5 |    16 |    27 ||    48
       Ration            |       |       |     1 |     2 ||     3
Armor: Robe              |     3 |     4 |    10 |       ||    17
       Troll leather arm |       |       |       |    27 ||    27
Dodge: Dodged            |    11 |    12 |    42 |   117 ||   182
       Deflected         |       |       |       |     6 ||     6
